 Seeded DCSS version 0.30.1-9-gdf580d7c3d (webtiles) character file.

Game seed: 5 (custom seed)

727 Kazon the Covered (level 8, -1/60 HPs)
             Began as a Human Fighter on Sept 27, 2023.
             Was a Follower of Makhleb.
             Slain by an ogre
             ... wielding a +0 giant spiked club
              (16 damage)
             ... on level 5 of the Dungeon on Sept 28, 2023.
             The game lasted 00:13:04 (3074 turns).

Kazon the Covered (Human Fighter)                   Turns: 3074, Time: 00:13:05

Health: -1/60      AC: 10    Str: 19    XL:     8   Next: 3%
Magic:  0/19       EV: 10    Int: 12    God:    Makhleb [*.....]
Gold:   203        SH:  5    Dex: 18    Spells: 7/7 levels left

rFire   . . .        f - +0 hand axe (flame)
rCold   . . .        c - +0 buckler
rNeg    . . .        b - +0 scale mail
rPois   .            k - +0 helmet
rElec   .            (no cloak)
rCorr   .            (no gloves)
SInv    .            s - +1 pair of boots of the Swamp {Regen+ Int+3}
Will    .....        E - amulet of guardian spirit
Stlth   +            t - ring of magical power
HPRegen 1.10/turn    A - +6 ring of dexterity
MPRegen 0.16/turn

%: guardian spirit
@: no status effects
A: no striking features
a: Renounce Religion


You were on level 5 of the Dungeon.
You worshipped Makhleb.
Makhleb was aware of your devotion.
You visited 2 branches of the dungeon, and saw 6 of its levels.

You collected 203 gold pieces.

Inventory:

Hand Weapons
 a - a +0 war axe
 e - a +2 vampiric dagger
 f - a +0 hand axe of flaming (weapon)
Missiles
 l - 3 boomerangs (quivered)
 r - 4 poisoned darts
Armour
 b - a +0 scale mail (worn)
 c - a +0 buckler (worn)
 i - a +0 tower shield
 k - a +0 helmet (worn)
 s - the +1 pair of boots of the Swamp (worn) {Regen+ Int+3}
   (You acquired it on level 1 of the Dungeon)

   Int:       It affects your intelligence (+3).
   Regen:     It increases your rate of health regeneration.
Jewellery
 t - a ring of magical power (left hand)
 A - a +6 ring of dexterity (right hand)
 E - an amulet of guardian spirit (around neck)
Wands
 C - a wand of paralysis (8)
Scrolls
 g - a scroll of fog {unknown}
 m - a scroll of teleportation
 n - 2 scrolls of magic mapping {unknown}
 o - 2 scrolls of identify {unknown}
 p - a scroll of summoning {unknown}
 q - a scroll of blinking {unknown}
 y - a scroll of torment {unknown}
 z - a scroll of amnesia {unknown}
Potions
 d - a potion of might
 h - a potion of resistance {unknown}
 j - 3 potions of curing {unknown}
 u - a potion of flight {unknown}
 v - 2 potions of invisibility {unknown}
 w - a potion of berserk rage {unknown}
 x - 2 potions of heal wounds {unknown}
 D - a potion of lignification {unknown}
 F - a potion of attraction {unknown}


   Skills:
 + Level 3.9 Fighting
 + Level 1.8 Short Blades
 + Level 4.0 Axes
 + Level 2.4 Throwing
 + Level 4.4 Armour
 + Level 1.2 Dodging
 + Level 2.3 Stealth
 + Level 3.8 Shields
 * Level 2.7 Invocations
 * Level 1.1 Evocations


You had 7 spell levels left.
You didn't know any spells.
Your spell library contained the following spells:

 Spells                   Type           Power      Damage    Failure   Level
 Frozen Ramparts          Ice            0%         1d1       98%         3
 Ice Form                 Ice/Tmut       0%         N/A       100%        4
 Summon Ice Beast         Ice/Summ       0%         N/A       100%        4


Dungeon Overview and Level Annotations

Branches:
Dungeon (5/15)             Temple (1/1) D:4

Altars:
Dithmenos
Fedhas
Gozag
Hepliaklqana
Makhleb
Okawaru
Qazlal
Uskayaw
Wu Jian
The Shining One


Message History

You hit the gnoll. You burn the gnoll. The gnoll closely misses you.
You hit the gnoll. You burn the gnoll.
The gnoll is heavily wounded.
You hit the ogre. You burn the ogre. You block the gnoll's attack.
The ogre hits you with a +0 giant spiked club!!
You hit the gnoll. You burn the gnoll.
You kill the gnoll!
Makhleb accepts your kill.
You hit the ogre. You burn the ogre. The ogre barely misses you.
You hit the ogre. You burn the ogre.
The ogre is heavily wounded.
You slash the ogre! You burn the ogre.
The ogre is almost dead.
The ogre hits you with a +0 giant spiked club!!
* * * LOW HITPOINT WARNING * * *
The adder hisses angrily.
You hit the ogre but do no damage.
The ogre is almost dead.
You block the ogre's attack. The ogre attacks as you move away!
The ogre closely misses you. The ogre barely misses you.
You hit the ogre. You burn the ogre.
The ogre is almost dead.
The ogre hits you with a +0 giant spiked club!
* * * LOW HITPOINT WARNING * * *
The adder barely misses you.
You barely miss the ogre.
The ogre is almost dead.
You hit the adder. You burn the adder. The adder bites you but does no damage.
You hit the adder. You burn the adder.
The adder is severely wounded.
You barely miss the ogre. The ogre hits you but does no damage.
The adder bites you but does no damage. You block the adder's attack.
You hit the ogre. You burn the ogre.
The ogre is almost dead.
You hit the adder. You burn the adder.
You kill the adder!
Makhleb accepts your kill.
The ogre hits you with a +0 giant spiked club!!
You die...

#.....######
##+##......# #))....#
#))....# #......# #...#
#......# #...# #......#
+...# #O.....# ...
#...# #@.....# ....
#)..#######......#
.....#...#............#
.....#...#............#
.....#'###............#
......................#
......................#
......................#
..........######......#


You could see an ogre.

Vanquished Creatures
  Sigmund (D:4)
  2 black bears (D:4)
  A scorpion (D:4)
  A hound (D:4)
  A jelly (D:5)
  3 iguanas
  4 gnolls (D:5)
  7 adders
  An ufetubus (D:4)
  3 worms
  6 orcs
  4 bats
  9 endoplasms
  A giant cockroach (D:1)
  12 goblins
  7 hobgoblins
  11 jackals
  3 kobolds
  3 quokkas (D:4)
  6 ball pythons
  3 frilled lizards
  4 rats
93 creatures vanquished.

Notes
Turn   | Place    | Note
-------+----------+-------------------------------------------
     0 | D:1      | Kazon the Human Fighter began the quest for the Orb.
     0 | D:1      | Reached XP level 1. HP: 18/18 MP: 1/1
    35 | D:1      | Identified a scroll of acquirement
    35 | D:1      | Acquired the +1 pair of boots of the Swamp {Regen+ Int+3}
    54 | D:1      | Reached XP level 2. HP: 24/24 MP: 2/2
   157 | D:1      | Reached XP level 3. HP: 29/29 MP: 3/3
   900 | D:2      | Reached XP level 4. HP: 35/35 MP: 4/4
  1260 | D:2      | Reached XP level 5. HP: 41/41 MP: 5/5
  1620 | D:3      | Found a blossoming altar of Fedhas.
  1796 | D:3      | Identified the +2 sling "Qeuhanocyt" {speed, rElec Str-3
                  | Dex+2}
  1826 | D:3      | Found a stormy altar of Qazlal.
  2005 | D:3      | Found a faded altar of an unknown god.
  2023 | D:4      | Found a staircase to the Ecumenical Temple.
  2032 | Temple   | Entered the Ecumenical Temple
  2054 | Temple   | Became a worshipper of Makhleb the Destroyer
  2074 | D:4      | Reached skill level 1 in Throwing
  2259 | D:4      | Reached skill level 1 in Stealth
  2259 | D:4      | Reached XP level 6. HP: 41/47 MP: 6/6
  2309 | D:4      | Noticed Sigmund
  2341 | D:4      | Killed Sigmund
  2342 | D:4      | Reached skill level 1 in Short Blades
  2342 | D:4      | Reached skill level 1 in Invocations
  2382 | D:4      | Noticed a black bear
  2402 | D:4      | Killed a black bear
  2403 | D:4      | Reached skill level 1 in Dodging
  2403 | D:4      | Reached XP level 7. HP: 50/53 MP: 8/8
  2414 | D:4      | Found a hazy altar of Hepliaklqana.
  2426 | D:4      | Found a shadowy altar of Dithmenos.
  2427 | D:4      | Noticed a shadow
  2897 | D:5      | Entered Level 5 of the Dungeon
  2985 | D:5      | Reached * piety under Makhleb
  3054 | D:5      | Reached skill level 1 in Evocations
  3054 | D:5      | Reached XP level 8. HP: 52/60 MP: 9/9
  3074 | D:5      | Slain by an ogre

Illustrated notes

Levels and vault maps discovered:
D:1:      ebering_trefoil_3fold, layout_basic, st_stairs_14, serial_bayou_ford_a
D:2:      layout_basic, hangedman_decor_growths, minmay_close_crescents
D:3:      layout_rooms, mainiacjoe_overflow_concentric_impassable,
          mainiacjoe_overflow_paths, shapermc_ecumenical_altar_acropolis,
          chequers_serial_rivers_micro_b
D:4:      layout_basic, riverfiend_overflow_shadow_ancestor,
          minmay_temple_entry_glass, uniq_sigmund
D:5:      layout_gridville
Temple:   nicolae_temple_elliptical

Skill      XL: |  1  2  3  4  5  6  7 |
---------------+----------------------+-----
Axes           | 3 4 |  4.0
Throwing       | 1 2 |  2.4
Stealth        | 1 2 |  2.3
Short Blades   | 1 |  1.8
Invocations    | 1 2 |  2.7
Armour         | 4 |  4.4
Dodging        | 1 |  1.2
Evocations     | 1 |  1.1
Fighting       | |  3.9
Shields        | |  3.8

Action                     |  1- 3 |  4- 6 |  7- 9 || total
---------------------------+-------+-------+-------++-------
  Melee: War axe           |    85 |   132 |     3 ||   220
         Dagger            |       |    66 |    40 ||   106
         Hand axe          |       |       |    43 ||    43
  Throw: Stone             |       |     8 |    14 ||    22
         Dart              |       |     2 |     6 ||     8
         Boomerang         |       |       |     5 ||     5
    Use: Scroll            |     2 |     1 |       ||     3
         Potion            |     1 |       |       ||     1
 Armour: Scale mail        |    42 |    83 |    36 ||   161
  Dodge: Dodged            |    32 |   101 |    38 ||   171
  Block: Buckler           |    22 |    36 |    24 ||    82
